 Dungeon Crawl Stone Soup version 0.19-a0-1891-ge1d1fe8 (webtiles) character file.

43219 Naow the Cleaver (level 14, -7/114 HPs)
             Began as a Formicid Fighter on Oct 18, 2016.
             Was a High Priest of Okawaru.
             Mangled by a nine-headed hydra (10 damage)
             ... on level 6 of the Lair of Beasts.
             The game lasted 00:37:19 (18047 turns).

Naow the Cleaver (Formicid Fighter)                Turns: 18047, Time: 00:37:20

Health: -7/114     AC: 22    Str: 33    XL:     14   Next: 59%
Magic:  9/22       EV: 14    Int:  9    God:    Okawaru [*****.]
Gold:   942        SH: 16    Dex: 10    Spells: 0 memorised, 13 levels left

rFire  . . .     SeeInvis +     x - +0 flail
rCold  . . .     Gourm    .     Z - +1 steam dragon scales of Tusinaif {rCorr}
rNeg   . . .     Faith    .     c - +0 shield
rPois  .         Spirit   .     (helmet unavailable)
rElec  .         Reflect  .     B - +0 cloak
rCorr  +         Harm     .     O - +2 pair of gloves {Str+3}
MR     ++...                    R - +2 pair of boots {run}
Stlth  ++........               (no amulet)
                                J - +4 ring of protection
                                v - ring of protection from magic

@: mighty, heroism, finesse, mesmerised, quick
A: permanent stasis, dig shafts and tunnels, four strong arms, antennae 3
a: Dig, Shaft Self, Heroism, Finesse, Renounce Religion


You were on level 6 of the Lair of Beasts.
You worshipped Okawaru.
Okawaru was extremely pleased with you.
You were not hungry.

You visited 3 branches of the dungeon, and saw 18 of its levels.
You also visited: Ossuary.

You collected 942 gold pieces.

Inventory:

Hand Weapons
 a - a +5 antimagic broad axe
 x - a +0 flail (weapon)
Missiles
 W - 4 silver javelins (quivered)
Armour
 c - a +0 shield (worn)
 B - a +0 cloak (worn)
 O - a +2 pair of gloves of strength (worn)
 R - a +2 pair of boots of running (worn)
 Z - the +1 steam dragon scales of Tusinaif (worn) {rCorr}
   (Okawaru gifted it to you on level 5 of the Lair of Beasts)

   It protects you from acid and corrosion.
Jewellery
 v - a ring of protection from magic (left hand)
 J - a +4 ring of protection (right hand)
 Q - an uncursed ring of wizardry {unknown}
Wands
 g - a wand of iceblast (2/15)
 y - a wand of lightning (8/15)
Scrolls
 d - 2 scrolls of fear
 e - 3 scrolls of enchant weapon
 j - 14 scrolls of remove curse
 k - a scroll of fog
 m - 3 scrolls of teleportation
 q - a scroll of recharging
 r - 2 scrolls of identify
 s - 2 scrolls of random uselessness
 t - 3 scrolls of amnesia
 z - a scroll of immolation
 D - 3 scrolls of magic mapping
 T - a scroll of vulnerability {unknown}
 U - a scroll of brand weapon {unknown}
Potions
 h - 2 potions of cure mutation
 l - 4 potions of brilliance
 n - a potion of magic {unknown}
 p - 2 potions of curing
 w - 4 potions of heal wounds
 A - 2 potions of ambrosia
 C - 6 potions of flight
 E - 2 potions of invisibility {unknown}
 F - 3 potions of mutation
 G - 2 potions of lignification {unknown}
 H - 2 potions of cancellation
 K - 3 potions of berserk rage {unknown}
 L - 4 potions of resistance
 X - a potion of agility
Books
 o - a book of Cantrips

   Spells                             Type                      Level
   a - Confusing Touch                Hexes                        1
   b - Animate Skeleton               Necromancy                   1
   c - Summon Small Mammal            Summoning                    1
   d - Apportation                    Translocation                1
 N - a book of Maledictions

   Spells                             Type                      Level
   a - Corona                         Hexes                        1
   b - Ensorcelled Hibernation        Hexes/Ice                    2
   c - Confuse                        Hexes                        3
   d - Tukima's Dance                 Hexes                        3
   e - Dazzling Spray                 Conjuration/Hexes            3
 S - a book of Power

   Spells                             Type                      Level
   a - Fulminant Prism                Conjuration/Hexes            4
   b - Iskenderun's Mystic Blast      Conjuration                  4
   c - Venom Bolt                     Conjuration/Poison           5
   d - Bolt of Magma                  Conjuration/Fire/Earth       5
   e - Iron Shot                      Conjuration/Earth            6
   f - Orb of Destruction             Conjuration                  7
   g - Spellforged Servitor           Conjuration/Summoning        7
 V - a book of Geomancy

   Spells                             Type                      Level
   a - Sandblast                      Earth                        1
   b - Passwall                       Transmutation/Earth          2
   c - Stone Arrow                    Conjuration/Earth            3
   d - Petrify                        Transmutation/Earth          4
   e - Lee's Rapid Deconstruction     Earth                        5
Comestibles
 b - 8 fruits
 f - 6 bread rations
 i - 4 royal jellies
 u - 7 slices of pizza
 M - 3 meat rations
 P - 2 beef jerkies
 Y - 13 chunks of flesh


   Skills:
 + Level 11.7(16.7) Fighting
 * Level 14.0(19.0) Axes
 + Level 11.4(16.4) Armour
 + Level 12.3(17.3) Shields
 - Level 11.0 Invocations


You had 13 spell levels left.
You didn't know any spells.

Dungeon Overview and Level Annotations

Branches:
Dungeon (11/15)            Temple (1/1) D:4            Lair (6/6) D:11
 Shoals (0/4) Lair:2        Snake (0/4) Lair:3        Slime (0/5) Lair:5
    Orc: D:9-12

Altars:
Ashenzari
Cheibriados
Dithmenos
Elyvilon
Fedhas
Gozag
Hepliaklqana
Kikubaaqudgha
Makhleb
Nemelex Xobeh
Okawaru
Qazlal
Ru
Sif Muna
Trog
Uskayaw
Vehumet
Xom
Yredelemnul
Zin
The Shining One

Shops:
D:5 *=   D:10 !

Portals:
Abyss: D:10


Innate Abilities, Weirdness & Mutations

You are under a permanent stasis effect.
You can dig through walls and to a lower floor.
Your four strong arms can wield two-handed weapons with a shield.
You have a pair of large antennae on your head. (SInv)


Message History

The nine-headed hydra bites you!
* * * LOW HITPOINT WARNING * * *
The nine-headed hydra closely misses you.
The nine-headed hydra bites you!
* * * LOW HITPOINT WARNING * * *
The merfolk avatar falters for a moment.
You sock the elephant!
You kill the elephant!
Okawaru accepts your kill.
The sea snake bites you but does no damage.
Your unstable footing causes you to fumble your attack.
The nine-headed hydra bites you but does no damage.
You block the nine-headed hydra's attack.
The nine-headed hydra barely misses you.
The nine-headed hydra bites you but does no damage.
The nine-headed hydra bites you.
* * * LOW HITPOINT WARNING * * *
You block the nine-headed hydra's attack.
The nine-headed hydra bites you!
You die...

##≈#≈S #≈≈ #. ≈≈≈≈≈≈ #≈≈##k
#####....## #≈≈≈≈≈ .......
≈≈≈#≈≈≈≈≈≈≈≈≈≈ #≈≈≈≈.
........##≈≈#≈≈≈t≈≈#≈≈≈ #≈≈#≈≈
.......≈##≈≈#≈≈≈≈P≈≈≈≈≈ #≈≈≈#.
.......≈≈≈≈≈#≈Dmk#≈≈#≈≈≈##≈≈≈≈.
........≈≈≈≈≈≈@≈≈≈≈≈≈≈≈≈≈≈≈≈≈≈≈
........#≈≈≈##≈S#≈≈≈≈≈≈≈##P≈#≈.
........##P≈##≈≈P#≈≈##≈≈##≈≈##≈
..............≈.≈.≈..≈.≈..P.≈≈.
#.......###..≈≈......≈P#.......
#........#####P...##≈≈.....##..
.........# ##...###≈...#.#...
#........# ##.#.##..P..#.###
##.......## #........##### #


You could see a merfolk avatar, a nine-headed hydra, a sea snake, a wind drake
and a crocodile.

Vanquished Creatures
  Snorg (Lair:5)
  Erolcha (D:9)
  Josephine (Lair:5)
  10 death yaks
  2 unseen horrors
  A hill giant (D:10)
  A harpy (Lair:6)
  An ugly thing (D:10)
  A manticore (Lair:6)
  Maurice (D:8)
  A cyclops (D:11)
  6 elephants
  A black mamba (Lair:5)
  Psyche (D:8)
  The ghost of Eniamerus the Covert, a novice SpAs (Ossuary)
  11 spiny frogs
  2 rime drakes (Lair:6)
  7 komodo dragons
  2 trolls (D:9)
  Prince Ribbit (D:7)
  7 polar bears
  5 dream sheep (Lair:5)
  12 blink frogs
  4 hippogriffs
  Sigmund (D:6)
  38 yaks
  4 wraiths (Lair:5)
  5 wyverns
  Grum (D:11)
  A basilisk (Lair:3)
  2 nagas (Lair:3)
  6 water moccasins
  Duvessa (D:7)
  8 porcupines
  4 orc warriors
  5 sky beasts
  2 necrophages (D:7)
  2 phantoms
  5 ice beasts
  3 black bears
  6 ogres
  9 wolves
  3 centaurs
  12 crocodiles
  A big kobold (D:8)
  8 bullfrogs
  3 water moccasin zombies (Ossuary)
  5 scorpions
  Dowan (D:7)
  A water moccasin skeleton (D:7)
  17 killer bees
  7 wights
  5 howler monkeys
  A bullfrog zombie (D:6)
  5 crimson imps
  2 bullfrog skeletons (D:6)
  2 centaur skeletons
  3 jellies
  A quasit (D:7)
  4 orc priests
  Crazy Yiuf (D:4)
  4 hounds
  12 orc wizards
  2 iguanas
  6 worker ants
  8 big kobold zombies (Ossuary)
  2 hound zombies
  A hound skeleton (D:9)
  2 mummies (Ossuary)
  3 howler monkey zombies
  3 worker ant zombies
  8 adders
  2 shadow imps
  2 oozes
  An adder zombie (Ossuary)
  4 worms
  2 dart slugs (D:1)
  5 leopard geckos
  33 orcs
  10 bats
  8 giant cockroaches
  7 goblins
  11 hobgoblins
  3 quokkas
  A ball python (D:5)
  8 frilled lizards
  7 hobgoblin zombies (Ossuary)
  7 kobolds
  6 kobold zombies (Ossuary)
  A leopard gecko zombie (D:8)
  7 orc zombies (Ossuary)
  12 rats
  A spectral orc (D:3)
  3 fungi (Lair:6)
  3 plants
461 creatures vanquished.

Vanquished Creatures (others)
  A water moccasin (Lair:5)
  A bush (Lair:4)
  3 fungi
  10 plants
15 creatures vanquished.

Grand Total: 476 creatures vanquished

Notes
Turn   | Place    | Note
-------+----------+-------------------------------------------
     0 | D:1      | Naow the Formicid Fighter began the quest for the Orb.
     0 | D:1      | Reached XP level 1. HP: 18/18 MP: 1/1
    56 | D:1      | Reached XP level 2. HP: 11/24 MP: 2/2
   126 | D:1      | HP: 1/24 [hobgoblin (2)]
   602 | D:1      | Reached XP level 3. HP: 29/29 MP: 3/3
  1277 | D:2      | Reached XP level 4. HP: 35/37 MP: 4/4
  1479 | D:2      | Reached skill level 3 in Axes
  2101 | D:3      | Found a burning altar of Makhleb.
  2239 | D:3      | Reached XP level 5. HP: 42/42 MP: 5/5
  2412 | D:3      | Found a basalt altar of Yredelemnul.
  2461 | D:3      | Found a hide-covered altar of Uskayaw.
  2461 | D:3      | Found a sparkling altar of Nemelex Xobeh.
  2486 | D:4      | Found a staircase to the Ecumenical Temple.
  2497 | Temple   | Entered the Ecumenical Temple
  2519 | Temple   | Became a worshipper of Warmaster Okawaru
  2791 | D:4      | Found a blossoming altar of Fedhas.
  2896 | D:4      | Reached skill level 4 in Axes
  2903 | D:4      | Reached XP level 6. HP: 32/48 MP: 6/6
  3053 | D:4      | Found a runed door.
  3193 | D:4      | Noticed a black bear
  3200 | D:4      | Killed a black bear
  3200 | D:4      | Reached * piety under Okawaru
  3200 | D:4      | Reached skill level 5 in Shields
  3200 | D:4      | Reached XP level 7. HP: 44/55 MP: 7/7
  3335 | D:5      | Entered Level 5 of the Dungeon
  3335 | D:5      | Found Gozag's Platinum Reserve.
  3335 | D:5      | Found an opulent altar of Gozag.
  3398 | D:5      | Found Nyoroarch's Jewellery Shoppe.
  3646 | D:5      | Reached skill level 5 in Axes
  3822 | D:5      | Reached skill level 5 in Fighting
  3866 | D:5      | Reached skill level 5 in Armour
  3874 | D:5      | HP: 1/56 [sky beast (6)]
  3879 | D:5      | Reached ** piety under Okawaru
  3879 | D:5      | Reached XP level 8. HP: 7/62 MP: 5/8
  4851 | D:6      | Reached skill level 6 in Axes
  4923 | D:4      | Noticed Crazy Yiuf
  4930 | D:4      | Killed Crazy Yiuf
  5272 | D:6      | Reached skill level 1 in Invocations
  5287 | D:6      | Noticed Sigmund
  5304 | D:6      | Killed Sigmund
  5389 | D:6      | Reached skill level 5 in Invocations
  5444 | D:6      | Reached XP level 9. HP: 44/69 MP: 13/13
  5766 | D:6      | Reached *** piety under Okawaru
  5944 | D:7      | Noticed Prince Ribbit
  5965 | D:7      | Killed Prince Ribbit
  6003 | D:7      | Found a sand-covered staircase.
  6023 | Ossuary  | Entered an ossuary
  6023 | Ossuary  | Noticed Eniamerus's ghost (novice SpAs)
  6038 | Ossuary  | Killed Eniamerus's ghost
  6063 | Ossuary  | Reached skill level 10 in Invocations
  6277 | D:7      | Reached **** piety under Okawaru
  6277 | D:7      | Reached XP level 10. HP: 30/75 MP: 15/18
  6486 | D:7      | Noticed Duvessa
  6487 | D:7      | Noticed Dowan
  6494 | D:7      | Killed Dowan
  6902 | D:7      | Killed Duvessa
  7419 | D:7      | Reached skill level 7 in Axes
  8229 | D:8      | Noticed Maurice
  8292 | D:8      | Killed Maurice
  8344 | D:8      | Noticed Psyche
  8357 | D:8      | Killed Psyche
  8357 | D:8      | Reached skill level 8 in Axes
  8529 | D:8      | Reached XP level 11. HP: 68/83 MP: 19/19
  8558 | D:8      | Noticed an unseen horror
  8591 | D:8      | Killed an unseen horror
  8591 | D:8      | Reached ***** piety under Okawaru
  8982 | D:8      | Noticed a three-headed hydra
  9447 | D:9      | Received a gift from Okawaru
  9451 | D:9      | Reached skill level 9 in Axes
 10170 | D:9      | Noticed Erolcha
 10226 | D:9      | Killed Erolcha
 10571 | D:10     | Entered Level 10 of the Dungeon
 10571 | D:10     | Found a one-way gate to the infinite horrors of the Abyss.
 10571 | D:10     | Noticed a hell beast
 10571 | D:10     | Noticed a hell beast
 10783 | D:10     | Noticed an unseen horror
 10791 | D:10     | Killed an unseen horror
 10791 | D:10     | Received a gift from Okawaru
 10791 | D:10     | Reached skill level 10 in Axes
 10941 | D:10     | Reached XP level 12. HP: 94/94 MP: 20/20
 10996 | D:10     | Found Hiuticeu's Distillery.
 11665 | D:11     | Found a staircase to the Lair.
 11667 | D:11     | Noticed Grum
 11680 | D:11     | Killed Grum
 11900 | Lair:1   | Entered Level 1 of the Lair of Beasts
 12346 | Lair:1   | Reached skill level 10 in Shields
 12645 | Lair:1   | Reached skill level 11 in Axes
 12695 | Lair:1   | Identified a scroll of acquirement
 12727 | Lair:2   | Found a staircase to the Shoals.
 13701 | Lair:3   | Reached XP level 13. HP: 98/103 MP: 7/21
 13755 | Lair:3   | Reached ****** piety under Okawaru
 13755 | Lair:3   | Received a gift from Okawaru
 13764 | Lair:3   | Identified a +2 pair of boots of running (Okawaru gifted it to you on level 3 of the Lair of Beasts)
 13942 | Lair:3   | Found a staircase to the Snake Pit.
 13955 | Lair:3   | Reached skill level 10 in Fighting
 14537 | Lair:4   | Reached skill level 12 in Axes
 14540 | Lair:4   | Reached skill level 10 in Armour
 15457 | Lair:5   | Found a staircase to the Slime Pits.
 15752 | Lair:5   | Received a gift from Okawaru
 15771 | Lair:5   | Noticed Josephine
 15785 | Lair:5   | Killed Josephine
 15785 | Lair:5   | Received a gift from Okawaru
 15885 | Lair:5   | Noticed Snorg
 15905 | Lair:5   | Killed Snorg
 15905 | Lair:5   | Reached skill level 13 in Axes
 15946 | Lair:5   | Reached XP level 14. HP: 100/113 MP: 2/22
 16252 | Lair:5   | Received a gift from Okawaru
 16261 | Lair:5   | Got bloodstained steam dragon scales {god gift}
 16272 | Lair:5   | Identified the +1 steam dragon scales of Tusinaif {rCorr} (Okawaru gifted it to you on level 5 of the Lair of Beasts)
 16523 | Lair:6   | Entered Level 6 of the Lair of Beasts
 18034 | Lair:6   | Reached skill level 14 in Axes
 18045 | Lair:6   | HP: 5/114 [nine-headed hydra (14)]
 18047 | Lair:6   | Mangled by a nine-headed hydra

Vault maps used:
D:1:      tarquinn_simple_flora_water_f, minivault_4
D:2:      minmay_crystal_room
D:3:      yredelemnul_forgotten_temple_becter,
          gammafunk_temple_overflow_elements, hangedman_feature_mirror,
          bloody_makhleb
D:4:      black_bear_nest_1, fedhas_altar_1, uniq_crazy_yiuf_cottage
D:5:      nicolae_gozag_zags_fifth_avenue, first_bread, serial_shops, shop,
          portal_sewer_entry_e
D:6:      uniq_sigmund
D:7:      nicolae_ossuary_entry_false_entrances, uniq_prince_ribbit1,
          uniq_duvessa
D:8:      hangedman_ranch, uniq_maurice, uniq_psyche
D:9:      uniq_erolcha
D:10:     serial_shops, kennysheep_mini_moat, lemuel_hellish_altar
D:11:     lair_0_dummy, serial_shops, nicolae_shop_crystal, uniq_grum
Temple:   lightli_temple_of_artemis
Lair:2:   elwin_shoals_entry_rocks, lemuel_fruit_tree
Lair:3:   guppyfry_snake_entry_island
Lair:4:   cheibrodos_lair_lostbears, serial_bayou_shore_b, grunt_megastairs_4
Lair:5:   nicolae_slime_entry_slimehenge, grunt_megastairs_1,
          infiniplex_staircase_pool, uniq_josephine, uniq_snorg
Lair:6:   gammafunk_lair_ancient_temple
Ossuary:  ossuary_tomb_2

Skill      XL: |  1  2  3  4  5  6  7  8  9 10 11 12 13 14 |
---------------+-------------------------------------------+-----
Shields        | 4 5 6 7 9 10 11 12 | 12.3
Axes           | 3 4 5 6 8 10 11 13 14 | 14.0
Armour         | 4 5 7 8 9 10 11 | 11.4
Fighting       | 4 5 7 8 9 11 | 11.7
Invocations    | 6 10 11 | 11.0

Action                   |  1- 3 |  4- 6 |  7- 9 | 10-12 | 13-15 || total
-------------------------+-------+-------+-------+-------+-------++-------
Melee: War axe           |   102 |   163 |   367 |   524 |       ||  1156
       Battleaxe         |       |       |       |   234 |       ||   234
       Broad axe         |       |       |       |   103 |   412 ||   515
       Flail             |       |       |       |       |     7 ||     7
Invok: Heroism           |       |       |     9 |    29 |    17 ||    55
       Finesse           |       |       |       |       |     4 ||     4
 Abil: Dig               |       |       |       |     2 |     5 ||     7
  Use: Potion            |       |     1 |     3 |     4 |     3 ||    11
       Scroll            |       |       |     5 |    15 |       ||    20
  Eat: Chunk             |     1 |     7 |     7 |    26 |    14 ||    55
       Royal jelly       |       |       |     1 |       |       ||     1
Armor: Scale mail        |    43 |    67 |    95 |   179 |       ||   384
       Plate armour      |       |       |       |    71 |    83 ||   154
       Steam dragon scal |       |       |       |       |    66 ||    66
Dodge: Dodged            |    45 |    47 |   108 |   279 |   131 ||   610
Block: Shield            |    51 |    84 |   192 |   519 |   252 ||  1098
